cohdb
Replays
Latest Replays
All Replays
Popular Replays
Top Player Replays
Match Explorer
How It Works
Community
CoH3 Stats
Reddit
Sign in to upload your games and track your stats! →
Sign in with Steam
Match 44762239
Unlisted
Match 44762239
Overview
Messages
Build Orders
End
Construct Infanterie Kompanie
Kettenkrad Recon Vehicle
Selects Breakthrough Battlegroup
Selects Assault Grenadiers
MG 42 Machine Gun Team
Grenadier Squad
Grenadier Squad
Grenadier Squad
Grenadier Squad
Construct Luftwaffe Kompanie
Infanterie Officer Quarters
MG 42 Machine Gun Team
Jäger Squad
Medical Station
Selects Rapid Production
Selects Breakthrough
Selects Mechanized Assault Group
Mechanized Assault Group
Y griega
Bootyquake
0
0
Comments
sign in to comment!
No comments posted yet!